Nordiques vs Lightning
(R1)
Created - October 23, 2018 at 18:59
Goals
|
Nordiques |
1 |
3 |
2 |
6 |
Lightning |
0 |
2 |
1 |
3 |
|
Shots
|
Nordiques |
14 |
8 |
12 |
34 |
Lightning |
8 |
14 |
6 |
28 |
|
1st period
1. Nordiques , Simon Gagné 4 (Vladimir Tarasenko 3, Marc Savard 8) at 8:25
Penalties :
Robert Nilsson (TB.) for Holding (Minor) at 8:30
2nd period
2. Lightning , Robert Nilsson 1 (Kris Versteeg 2, Henrik Zetterberg 6) at 0:24 (PP)
3. Nordiques , Marc Savard 1 (Vladimir Tarasenko 4, Ryan Ellis 6) at 3:01
4. Nordiques , Kyle Calder 1 (Michael Ryder 1, Matt Irwin 2) at 11:11
5. Nordiques , David Legwand 1 (Fedor Tyutin 1, Ryan Ellis 7) at 13:23 (PP)
6. Lightning , Robert Nilsson 2 (Henrik Zetterberg 7, Jaroslav Halak) at 18:02 (PP)
Penalties :
Mark Eaton (Que) for Hooking (Minor) at 0:15, Paul Gaustad (Que) for Tripping (Minor) at 8:43, Reilly Smith (TB.) for Cross-checking (Minor) at 12:44, Henrik Zetterberg (TB.) for Interference (Minor) at 13:45, Andy Rogers (TB.) for Hooking (Minor) at 15:11, Mark Eaton (Que) for Interference (Minor) at 17:30, Kris Versteeg (TB.) for Hooking (Minor) at 18:24
3rd period
7. Nordiques , Martin St. Louis 2 (Chris Drury 3) at 6:58
8. Nordiques , Vladimir Tarasenko 6 (Marc Savard 9) at 10:02
9. Lightning , Kris Versteeg 4 (Jeff Schultz 2, Robert Nilsson 5) at 10:10
Penalties :
Kurt Sauer (TB.) for High sticking (Minor) at 9:18, R.J. Umberger (Que) for Hooking (Minor) at 9:46
Goalie Stats
Jonathan Quick (Que), 25 saves from 28 shots - (0.893), W, 4-2-0, 60:00 minutes
Adam Munro (TB.), 10 saves from 11 shots - (0.909), 13:02 minutes
Jaroslav Halak (TB.), 18 saves from 23 shots - (0.783), L, 2-1-0, 46:58 minutes
Players Stats for Nordiques
Player Name G A P +/- PIM S H SB GA TA FO MP PP MP PK MP
------------------------------------------------------------------------------------
Chris Drury 0 1 1 1 0 3 0 0 0 0 2/4 11:55 0:00 0:44
David Legwand 1 0 1 0 0 5 0 1 1 1 8/14 17:26 3:26 0:21
Dustin Byfuglien 0 0 0 3 0 0 0 3 1 0 0/0 10:47 0:00 0:00
Fedor Tyutin 0 1 1 1 0 0 3 3 1 0 0/0 30:20 6:05 2:26
Jean-Pierre Dumont 0 0 0 0 0 1 0 0 1 0 0/0 16:41 3:26 0:00
Kyle Calder 1 0 1 1 0 1 0 1 0 0 0/0 7:35 0:08 0:33
Marc Savard 1 2 3 2 0 4 3 0 1 0 26/42 24:16 4:56 2:14
Mark Eaton 0 0 0 0 4 1 1 2 1 0 0/0 18:51 2:25 0:42
Martin St. Louis 1 0 1 1 0 3 0 0 0 0 0/0 11:00 0:17 0:00
Matt Irwin 0 1 1 3 0 0 1 0 0 0 0/0 10:47 0:00 0:00
Matt Moulson 0 0 0 1 0 1 2 0 0 0 0/1 10:43 0:00 0:00
Michael Ryder 0 1 1 1 0 0 2 0 0 0 0/0 6:50 0:00 0:00
Paul Gaustad 0 0 0 1 2 0 1 0 0 0 1/4 7:03 0:00 0:10
R.J. Umberger 0 0 0 0 2 1 2 1 0 0 1/1 16:46 3:25 0:00
Ryan Ellis 0 2 2 1 0 0 1 0 2 0 0/0 29:48 6:05 1:54
Simon Gagné 1 0 1 2 0 4 1 0 2 0 0/3 20:49 4:56 0:00
T.J. Fast 0 0 0 0 0 2 0 3 0 3 0/0 19:25 2:25 1:14
Vladimir Tarasenko 1 2 3 2 0 8 1 0 0 1 0/0 24:15 4:55 2:14
Players Stats for Lightning
Player Name G A P +/- PIM S H SB GA TA FO MP PP MP PK MP
------------------------------------------------------------------------------------
Andy Rogers 0 0 0 0 2 1 1 1 1 0 0/0 17:06 2:09 4:04
Daniel Carcillo 0 0 0 0 0 2 2 0 0 0 0/1 11:57 0:00 0:50
Danny Richmond 0 0 0 -1 0 0 2 0 0 3 0/0 19:41 0:10 3:27
Gabriel Landeskog 0 0 0 -2 0 0 0 0 0 0 1/3 21:14 0:48 5:14
Henrik Zetterberg 0 2 2 -1 2 4 0 0 0 0 0/0 15:13 2:20 0:01
Jan Bulis 0 0 0 -1 0 1 0 1 0 0 4/6 7:42 0:00 0:00
Jeff Schultz 0 1 1 -3 0 0 1 0 0 1 0/0 26:42 0:00 5:03
John Carlson 0 0 0 -3 0 1 2 0 1 1 0/0 26:08 0:59 2:58
Jordan Nolan 0 0 0 -1 0 1 2 0 1 2 3/10 16:50 0:38 2:53
Justin Schultz 0 0 0 -1 0 4 0 0 2 0 0/0 19:40 2:58 0:58
Kris Versteeg 1 1 2 -2 2 9 2 0 0 0 2/2 18:31 2:20 0:00
Kurt Sauer 0 0 0 0 2 0 0 1 0 0 0/0 11:11 0:10 0:29
Mikael Backlund 0 0 0 0 0 1 1 0 0 0 3/6 11:07 0:00 0:00
Pierre-Luc Létourneau 0 0 0 -1 0 0 3 0 0 0 0/0 7:54 0:10 0:00
Reilly Smith 0 0 0 -1 2 1 2 1 0 0 1/2 14:48 0:38 1:33
Robert Nilsson 2 1 3 -2 2 3 1 1 0 2 17/39 22:30 2:20 3:59
Sheldon Keefe 0 0 0 -1 0 0 1 0 0 1 0/0 9:59 0:00 1:57
Steve Bernier 0 0 0 0 0 0 0 1 0 0 0/0 11:07 0:00 0:00
3 Stars
1 - Marc Savard (Que)
2 - Vladimir Tarasenko (Que)
3 - Simon Gagné (Que)
Power Play
Nordiques - 1 on 6 Attempt(s) - 16.67%
Lightning - 2 on 4 Attempt(s) - 50.00%
Penalty Kill
Nordiques - 2 on 4 Attempt(s) - 50.00%
- Score 0 goal in Penalty Kill
Lightning - 5 on 6 Attempt(s) - 83.33%
- Score 0 goal in Penalty Kill
Team Stat
Nordiques - Hits : 18 - Faceoff Wins : 38 - Blocked Shots : 14 - Penalty Minutes : 8
Lightning - Hits : 20 - Faceoff Wins : 31 - Blocked Shots : 6 - Penalty Minutes : 12
Official
Referees : Unknown
Linesman : Unknown
Game Notes
Adam Munro enters game at 6:58 of 3rd period
Finance
Level 1 -- Attendance: 3910 (65.17%) -- Ticket Income $449,650
Level 2 -- Attendance: 3777 (75.54%) -- Ticket Income $241,728
Level 3 -- Attendance: 1496 (74.80%) -- Ticket Income $65,824
Level 4 -- Attendance: 2171 (54.28%) -- Ticket Income $86,840
Luxury Box -- Attendance: 593 (59.30%) -- Ticket Income $127,495
Game was played at the Tampa Bay Stadium.
Total Attendance: 11947 (66.37%)
Total Ticket Income: $971,537
Other Income: $145,731
Total Income: $1,117,268
Nordiques
5 vs 5 Forward
Center Left Wing Right Wing Time % Phy DF OF
1 Marc Savard Simon Gagné Vladimir Tarasenko 40 0 1 4
2 David Legwand R.J. Umberger Jean-Pierre Dumont 30 1 1 3
3 Chris Drury Matt Moulson Martin St. Louis 20 1 2 2
4 Paul Gaustad Kyle Calder Michael Ryder 10 2 2 1
5 vs 5 Defense
Defense Defense Time % Phy DF OF
1 Fedor Tyutin Ryan Ellis 40 1 3 1
2 Mark Eaton T.J. Fast 30 1 3 1
3 Dustin Byfuglien Matt Irwin 20 1 3 1
4 Fedor Tyutin Ryan Ellis 10 1 3 1
PowerPlay Forward
Center Left Wing Right Wing Time % Phy DF OF
1 Marc Savard Simon Gagné Vladimir Tarasenko 60 0 0 5
2 David Legwand R.J. Umberger Jean-Pierre Dumont 40 0 0 5
PowerPlay Defense
Defense Defense Time % Phy DF OF
1 Fedor Tyutin Ryan Ellis 60 0 2 3
2 Mark Eaton T.J. Fast 40 0 2 3
Penalty Kill 4 Players Forward
Center Wing Time % Phy DF OF
1 Marc Savard Vladimir Tarasenko 60 1 4 0
2 David Legwand Chris Drury 40 1 4 0
Penalty Kill 4 Players Defense
Defense Defense Time % Phy DF OF
1 Fedor Tyutin Ryan Ellis 60 1 4 0
2 Mark Eaton T.J. Fast 40 1 4 0
Penalty Kill - 3 Players Forward
Forward Time % Phy DF OF
1 Marc Savard 60 0 5 0
2 Vladimir Tarasenko 40 0 5 0
Penalty Kill - 3 Players Defense
Defense Defense Time % Phy DF OF
1 Fedor Tyutin Ryan Ellis 60 1 4 0
2 Mark Eaton T.J. Fast 40 1 4 0
4 vs 4 Forward
Center Wing Time % Phy DF OF
1 Marc Savard Vladimir Tarasenko 60 0 1 4
2 David Legwand Chris Drury 40 0 1 4
4 vs 4 Defense
Defense Defense Time % Phy DF OF
1 Fedor Tyutin Ryan Ellis 60 1 4 0
2 Mark Eaton T.J. Fast 40 1 4 0
Last Minutes Offensive
Center Left Wing Right Wing Defense Defense
Marc Savard Simon Gagné Vladimir Tarasenko Fedor Tyutin Ryan Ellis
Last Minutes Defensive
Center Left Wing Right Wing Defense Defense
Marc Savard Simon Gagné Vladimir Tarasenko Fedor Tyutin Ryan Ellis
Goaltenders
Starting : Jonathan Quick
Backup : Philipp Grubauer
Extra Forwards
Normal : Vladimir Tarasenko, Martin St. Louis, Chris Drury - PP : Vladimir Tarasenko, Martin St. Louis - PK : Paul Gaustad
Extra Defensemen
Normal : Ryan Ellis, Fedor Tyutin, Dustin Byfuglien - PP : Ryan Ellis - PK : Mark Eaton, Fedor Tyutin
Penalty Shots
Marc Savard, Vladimir Tarasenko, David Legwand, Chris Drury, Simon Gagné
Scratches
Mike Fisher (Healthy), Nikolai Kulemin (Healthy), Julien Ellis (Healthy)
Lightning
5 vs 5 Forward
Center Left Wing Right Wing Time % Phy DF OF
1 Robert Nilsson Gabriel Landeskog Kris Versteeg 40 1 2 2
2 Jordan Nolan Henrik Zetterberg Reilly Smith 30 1 2 2
3 Mikael Backlund Daniel Carcillo Steve Bernier 20 1 2 2
4 Jan Bulis Pierre-Luc Létourneau Sheldon Keefe 10 1 2 2
5 vs 5 Defense
Defense Defense Time % Phy DF OF
1 Jeff Schultz John Carlson 40 1 2 2
2 Justin Schultz Danny Richmond 30 1 2 2
3 Andy Rogers Kurt Sauer 20 1 2 2
4 Jeff Schultz John Carlson 10 1 2 2
PowerPlay Forward
Center Left Wing Right Wing Time % Phy DF OF
1 Robert Nilsson Henrik Zetterberg Kris Versteeg 60 1 2 2
2 Jordan Nolan Gabriel Landeskog Reilly Smith 40 1 2 2
PowerPlay Defense
Defense Defense Time % Phy DF OF
1 Justin Schultz John Carlson 60 1 2 2
2 Jeff Schultz Danny Richmond 40 1 2 2
Penalty Kill 4 Players Forward
Center Wing Time % Phy DF OF
1 Robert Nilsson Gabriel Landeskog 60 1 2 2
2 Jordan Nolan Sheldon Keefe 40 1 2 2
Penalty Kill 4 Players Defense
Defense Defense Time % Phy DF OF
1 Jeff Schultz Andy Rogers 60 1 2 2
2 John Carlson Danny Richmond 40 1 2 2
Penalty Kill - 3 Players Forward
Forward Time % Phy DF OF
1 Gabriel Landeskog 60 1 2 2
2 Sheldon Keefe 40 1 2 2
Penalty Kill - 3 Players Defense
Defense Defense Time % Phy DF OF
1 Jeff Schultz Andy Rogers 60 1 2 2
2 John Carlson Danny Richmond 40 1 2 2
4 vs 4 Forward
Center Wing Time % Phy DF OF
1 Robert Nilsson Kris Versteeg 60 1 2 2
2 Jordan Nolan Henrik Zetterberg 40 1 2 2
4 vs 4 Defense
Defense Defense Time % Phy DF OF
1 Jeff Schultz John Carlson 60 1 2 2
2 Andy Rogers Danny Richmond 40 1 2 2
Last Minutes Offensive
Center Left Wing Right Wing Defense Defense
Robert Nilsson Henrik Zetterberg Kris Versteeg Jeff Schultz John Carlson
Last Minutes Defensive
Center Left Wing Right Wing Defense Defense
Robert Nilsson Henrik Zetterberg Kris Versteeg Jeff Schultz John Carlson
Goaltenders
Starting : Jaroslav Halak
Backup : Adam Munro
Extra Forwards
Normal : Pierre-Luc Létourneau, Gabriel Landeskog, Reilly Smith - PP : Pierre-Luc Létourneau, Gabriel Landeskog - PK : Reilly Smith
Extra Defensemen
Normal : Justin Schultz, Kurt Sauer, Andy Rogers - PP : Justin Schultz - PK : Justin Schultz, Andy Rogers
Penalty Shots
Robert Nilsson, Kris Versteeg, Henrik Zetterberg, Jordan Nolan, Daniel Carcillo
Scratches
None
% Time on Ice - Nordiques
Lines # - Real PCT - Wanted PCT - Time Play
Normal Forward
1 - 34% - 40% - 16:03
2 - 28% - 30% - 13:15
3 - 23% - 20% - 10:43
4 - 15% - 10% - 6:50
Normal Defense
1 - 40% - 40% - 18:39
2 - 32% - 30% - 15:13
3 - 23% - 20% - 10:47
4 - 5% - 10% - 2:12
PP Forward
1 - 60% - 60% - 5:04
2 - 40% - 40% - 3:26
PP Defense
1 - 72% - 60% - 6:05
2 - 28% - 40% - 2:25
PK Forward
1 - 89% - 60% - 2:47
2 - 11% - 40% - 0:21
PK Defense
1 - 61% - 60% - 1:54
2 - 39% - 40% - 1:14
PK3 Forward
1 - 0% - 60%
2 - 0% - 40%
PK3 Defense
1 - 0% - 60%
2 - 0% - 40%
44 Forward
1 - 74% - 60% - 1:07
2 - 26% - 40% - 0:24
44 Defense
1 - 64% - 60% - 0:58
2 - 36% - 40% - 0:33
Last Minute Offensive - 0:00
Last Minute Defensive - 0:00
Total
Forward - 60:00
Defense - 60:00
|
% Time on Ice - Lightning
Lines # - Real PCT - Wanted PCT - Time Play
Normal Forward
1 - 32% - 40% - 15:04
2 - 28% - 30% - 12:58
3 - 24% - 20% - 11:07
4 - 16% - 10% - 7:42
Normal Defense
1 - 41% - 40% - 19:01
2 - 33% - 30% - 15:35
3 - 22% - 20% - 10:13
4 - 4% - 10% - 2:02
PP Forward
1 - 80% - 60% - 2:30
2 - 20% - 40% - 0:38
PP Defense
1 - 95% - 60% - 2:58
2 - 5% - 40% - 0:10
PK Forward
1 - 75% - 60% - 6:00
2 - 25% - 40% - 1:57
PK Defense
1 - 65% - 60% - 5:08
2 - 35% - 40% - 2:49
PK3 Forward
1 - 100% - 60% - 0:33
2 - 0% - 40% - 0:00
PK3 Defense
1 - 73% - 60% - 0:24
2 - 27% - 40% - 0:09
44 Forward
1 - 77% - 60% - 1:10
2 - 23% - 40% - 0:21
44 Defense
1 - 90% - 60% - 1:22
2 - 10% - 40% - 0:09
Last Minute Offensive - 0:00
Last Minute Defensive - 0:00
Total
Forward - 60:00
Defense - 60:00
|
Play by Play
1st period
0:01 of 1st period - Marc Savard wins face-off versus Robert Nilsson in neutral zone.
0:06 of 1st period - Snap shot by Marc Savard.
0:06 of 1st period - Stopped by Jaroslav Halak with a rebound.
0:16 of 1st period - Snap shot by Robert Nilsson.
0:16 of 1st period - Stopped by Jonathan Quick without a rebound.
0:17 of 1st period - Jordan Nolan wins face-off versus David Legwand in Nordiques zone.
0:28 of 1st period - Slapshot by Henrik Zetterberg.
0:28 of 1st period - Stopped by Jonathan Quick without a rebound.
0:29 of 1st period - Chris Drury wins face-off versus Mikael Backlund in Nordiques zone.
0:36 of 1st period - Snap shot by Chris Drury.
0:36 of 1st period - Shot Blocked by Kurt Sauer.
0:42 of 1st period - Wrist shot by Chris Drury.
0:42 of 1st period - Stopped by Jaroslav Halak without a rebound.
0:43 of 1st period - Jan Bulis wins face-off versus Paul Gaustad in Lightning zone.
0:48 of 1st period - Fedor Tyutin is hit by Pierre-Luc Létourneau and loses puck.
1:20 of 1st period - Snap shot by Kris Versteeg.
1:20 of 1st period - Stopped by Jonathan Quick without a rebound.
1:21 of 1st period - Jordan Nolan wins face-off versus David Legwand in Nordiques zone.
1:22 of 1st period - Slapshot by Henrik Zetterberg.
1:22 of 1st period - Shot Misses the Net.
1:46 of 1st period - Robert Nilsson is hit by Fedor Tyutin and loses puck.
1:53 of 1st period - Snap shot by Martin St. Louis.
1:53 of 1st period - Stopped by Jaroslav Halak with a rebound.
3:49 of 1st period - John Carlson is hit by Matt Moulson and loses puck.
3:57 of 1st period - Icing by Jeff Schultz.
3:58 of 1st period - Marc Savard wins face-off versus Jordan Nolan in Lightning zone.
4:09 of 1st period - Snap shot by Marc Savard.
4:09 of 1st period - Stopped by Jaroslav Halak with a rebound.
4:32 of 1st period - Mark Eaton is hit by Andy Rogers and loses puck.
4:39 of 1st period - Wrist shot by Jordan Nolan.
4:39 of 1st period - Shot Misses the Net.
4:41 of 1st period - Snap shot by Andy Rogers.
4:41 of 1st period - Shot Misses the Net.
4:43 of 1st period - Slapshot by Andy Rogers.
4:43 of 1st period - Deflect By Mark Eaton.
4:43 of 1st period - Stopped by Jonathan Quick with a rebound.
5:09 of 1st period - Snap shot by Chris Drury.
5:09 of 1st period - Stopped by Jaroslav Halak with a rebound.
5:11 of 1st period - Slapshot by T.J. Fast.
5:11 of 1st period - Stopped by Jaroslav Halak with a rebound.
5:13 of 1st period - Slapshot by Martin St. Louis.
5:13 of 1st period - Stopped by Jaroslav Halak without a rebound.
5:14 of 1st period - Robert Nilsson wins face-off versus Marc Savard in Lightning zone.
5:29 of 1st period - Wrist shot by Kris Versteeg.
5:29 of 1st period - Shot Misses the Net.
5:31 of 1st period - Snap shot by Kris Versteeg.
5:31 of 1st period - Stopped by Jonathan Quick with a rebound.
5:45 of 1st period - Off-side.
5:46 of 1st period - David Legwand wins face-off versus Mikael Backlund in neutral zone.
6:01 of 1st period - Slapshot by Steve Bernier.
6:01 of 1st period - Deflect By Mikael Backlund.
6:01 of 1st period - Shot Misses the Net.
6:01 of 1st period - Puck is out of play.
6:02 of 1st period - Robert Nilsson wins face-off versus Marc Savard in Nordiques zone.
6:19 of 1st period - Wrist shot by Kris Versteeg.
6:19 of 1st period - Stopped by Jonathan Quick with a rebound.
6:34 of 1st period - Wrist shot by R.J. Umberger.
6:34 of 1st period - Shot Misses the Net.
6:58 of 1st period - Slapshot by Kyle Calder.
6:58 of 1st period - Shot Blocked by Jan Bulis.
7:51 of 1st period - Wrist shot by David Legwand.
7:51 of 1st period - Stopped by Jaroslav Halak without a rebound.
7:52 of 1st period - Jan Bulis wins face-off versus David Legwand in Lightning zone.
8:09 of 1st period - Off-side.
8:10 of 1st period - Marc Savard wins face-off versus Robert Nilsson in neutral zone.
8:23 of 1st period - Snap shot by Vladimir Tarasenko.
8:23 of 1st period - Stopped by Jaroslav Halak with a rebound.
8:25 of 1st period - Wrist shot by Simon Gagné.
8:25 of 1st period - Goal by Simon Gagné - Nordiques : 1 - Lightning : 0.
8:26 of 1st period - Marc Savard wins face-off versus Robert Nilsson in neutral zone.
8:30 of 1st period - Minor Penalty to Robert Nilsson for Holding.
8:31 of 1st period - Marc Savard wins face-off versus Reilly Smith in Lightning zone.
9:55 of 1st period - Icing by David Legwand.
9:56 of 1st period - David Legwand wins face-off versus Jordan Nolan in Nordiques zone.
10:30 of 1st period - Penalty to Robert Nilsson is over, Robert Nilsson is back on ice.
11:35 of 1st period - Matt Irwin is hit by John Carlson.
11:39 of 1st period - Wrist shot by David Legwand.
11:39 of 1st period - Shot Misses the Net.
11:41 of 1st period - Slapshot by R.J. Umberger.
11:41 of 1st period - Stopped by Jaroslav Halak with a rebound.
12:08 of 1st period - Icing by Ryan Ellis.
12:09 of 1st period - Mikael Backlund wins face-off versus Chris Drury in Nordiques zone.
12:24 of 1st period - Wrist shot by Daniel Carcillo.
12:24 of 1st period - Shot Misses the Net.
12:56 of 1st period - Snap shot by Vladimir Tarasenko.
12:56 of 1st period - Stopped by Jaroslav Halak without a rebound.
12:57 of 1st period - Marc Savard wins face-off versus Robert Nilsson in Lightning zone.
13:38 of 1st period - Wrist shot by Kris Versteeg.
13:38 of 1st period - Stopped by Jonathan Quick with a rebound.
14:10 of 1st period - Snap shot by Vladimir Tarasenko.
14:10 of 1st period - Shot Misses the Net.
14:12 of 1st period - Snap shot by Vladimir Tarasenko.
14:12 of 1st period - Shot Blocked by Andy Rogers.
14:14 of 1st period - Wrist shot by Simon Gagné.
14:14 of 1st period - Stopped by Jaroslav Halak without a rebound.
14:15 of 1st period - David Legwand wins face-off versus Jordan Nolan in Lightning zone.
14:42 of 1st period - Wrist shot by Martin St. Louis.
14:42 of 1st period - Shot Misses the Net.
15:03 of 1st period - Pierre-Luc Létourneau is hit by Michael Ryder and loses puck.
15:58 of 1st period - Jordan Nolan is hit by Paul Gaustad and loses puck.
16:57 of 1st period - Snap shot by David Legwand.
16:57 of 1st period - Stopped by Jaroslav Halak without a rebound.
16:58 of 1st period - David Legwand wins face-off versus Jan Bulis in Lightning zone.
17:29 of 1st period - Wrist shot by Kris Versteeg.
17:29 of 1st period - Shot Blocked by Dustin Byfuglien.
18:12 of 1st period - Snap shot by Daniel Carcillo.
18:12 of 1st period - Stopped by Jonathan Quick without a rebound.
18:13 of 1st period - David Legwand wins face-off versus Mikael Backlund in Nordiques zone.
18:59 of 1st period - Ryan Ellis is hit by Daniel Carcillo.
19:21 of 1st period - Snap shot by Martin St. Louis.
19:21 of 1st period - Shot Misses the Net.
19:29 of 1st period - Snap shot by Daniel Carcillo.
19:29 of 1st period - Shot Misses the Net.
19:51 of 1st period - Snap shot by Martin St. Louis.
19:51 of 1st period - Shot Misses the Net.
Goals for this period are 1 for Nordiques vs 0 for Lightning .
Shots for this period are 14 for Nordiques vs 8 for Lightning .
2nd period
0:01 of 2nd period - Robert Nilsson wins face-off versus Marc Savard in neutral zone.
0:08 of 2nd period - Snap shot by Robert Nilsson.
0:08 of 2nd period - Deflect By Kris Versteeg.
0:08 of 2nd period - Stopped by Jonathan Quick with a rebound.
0:10 of 2nd period - Wrist shot by John Carlson.
0:10 of 2nd period - Stopped by Jonathan Quick without a rebound.
0:11 of 2nd period - Robert Nilsson wins face-off versus Simon Gagné in Nordiques zone.
0:12 of 2nd period - Slapshot by John Carlson.
0:12 of 2nd period - Deflect By Robert Nilsson.
0:12 of 2nd period - Shot Blocked by Mark Eaton.
0:12 of 2nd period - Puck is out of play.
0:13 of 2nd period - Marc Savard wins face-off versus Robert Nilsson in Nordiques zone.
0:15 of 2nd period - Minor Penalty to Mark Eaton for Hooking.
0:16 of 2nd period - Kris Versteeg wins face-off versus Marc Savard in Nordiques zone.
0:24 of 2nd period - Snap shot by Robert Nilsson.
0:24 of 2nd period - Goal by Robert Nilsson - Nordiques : 1 - Lightning : 1.
0:25 of 2nd period - Marc Savard wins face-off versus Robert Nilsson in neutral zone.
0:30 of 2nd period - Slapshot by Simon Gagné.
0:30 of 2nd period - Stopped by Jaroslav Halak without a rebound.
0:31 of 2nd period - Marc Savard wins face-off versus Robert Nilsson in Lightning zone.
2:07 of 2nd period - Wrist shot by Robert Nilsson.
2:07 of 2nd period - Shot Misses the Net.
2:46 of 2nd period - Wrist shot by Daniel Carcillo.
2:46 of 2nd period - Shot Blocked by Dustin Byfuglien.
2:48 of 2nd period - Slapshot by Justin Schultz.
2:48 of 2nd period - Stopped by Jonathan Quick without a rebound.
2:49 of 2nd period - Marc Savard wins face-off versus Robert Nilsson in Nordiques zone.
2:59 of 2nd period - Wrist shot by Vladimir Tarasenko.
2:59 of 2nd period - Shot Misses the Net.
3:01 of 2nd period - Snap shot by Marc Savard.
3:01 of 2nd period - Goal by Marc Savard - Nordiques : 2 - Lightning : 1.
3:02 of 2nd period - Robert Nilsson wins face-off versus Marc Savard in neutral zone.
3:11 of 2nd period - Kris Versteeg is hit by Marc Savard and loses puck.
3:57 of 2nd period - Icing by Daniel Carcillo.
3:58 of 2nd period - Mikael Backlund wins face-off versus Marc Savard in Lightning zone.
4:02 of 2nd period - Icing by Mikael Backlund.
4:03 of 2nd period - Mikael Backlund wins face-off versus Marc Savard in Lightning zone.
4:16 of 2nd period - Justin Schultz is hit by Marc Savard and loses puck.
4:33 of 2nd period - Jean-Pierre Dumont is hit by Danny Richmond and loses puck.
4:58 of 2nd period - Wrist shot by Jordan Nolan.
4:58 of 2nd period - Stopped by Jonathan Quick with a rebound.
5:00 of 2nd period - Snap shot by Reilly Smith.
5:00 of 2nd period - Stopped by Jonathan Quick without a rebound.
5:01 of 2nd period - Marc Savard wins face-off versus Robert Nilsson in Nordiques zone.
5:01 of 2nd period - Marc Savard is hit by Kris Versteeg.
5:27 of 2nd period - Marc Savard is hit by John Carlson and loses puck.
5:40 of 2nd period - Wrist shot by Jan Bulis.
5:40 of 2nd period - Stopped by Jonathan Quick without a rebound.
5:41 of 2nd period - Robert Nilsson wins face-off versus David Legwand in Nordiques zone.
5:50 of 2nd period - Snap shot by Robert Nilsson.
5:50 of 2nd period - Shot Blocked by R.J. Umberger.
5:52 of 2nd period - Wrist shot by Robert Nilsson.
5:52 of 2nd period - Shot Blocked by T.J. Fast.
5:54 of 2nd period - Wrist shot by Kris Versteeg.
5:54 of 2nd period - Stopped by Jonathan Quick without a rebound.
5:55 of 2nd period - David Legwand wins face-off versus Robert Nilsson in Nordiques zone.
6:06 of 2nd period - Kris Versteeg is hit by Fedor Tyutin and loses puck.
6:21 of 2nd period - Jeff Schultz is hit by Simon Gagné and loses puck.
7:15 of 2nd period - Backhand shot by Kris Versteeg.
7:15 of 2nd period - Stopped by Jonathan Quick with a rebound.
7:53 of 2nd period - Wrist shot by Daniel Carcillo.
7:53 of 2nd period - Stopped by Jonathan Quick with a rebound.
8:21 of 2nd period - Martin St. Louis is hit by Kris Versteeg and loses puck.
8:32 of 2nd period - Sheldon Keefe is hit by Michael Ryder and loses puck.
8:43 of 2nd period - Minor Penalty to Paul Gaustad for Tripping.
8:44 of 2nd period - Robert Nilsson wins face-off versus Marc Savard in Nordiques zone.
8:45 of 2nd period - Wrist shot by Kris Versteeg.
8:45 of 2nd period - Shot Misses the Net.
8:47 of 2nd period - Slapshot by Justin Schultz.
8:47 of 2nd period - Shot Misses the Net.
8:49 of 2nd period - Wrist shot by Henrik Zetterberg.
8:49 of 2nd period - Stopped by Jonathan Quick with a rebound.
8:51 of 2nd period - Slapshot by Andy Rogers.
8:51 of 2nd period - Deflect By Henrik Zetterberg.
8:51 of 2nd period - Shot Misses the Net.
8:51 of 2nd period - Puck is out of play.
8:52 of 2nd period - Marc Savard wins face-off versus Robert Nilsson in Nordiques zone.
9:03 of 2nd period - Snap shot by Henrik Zetterberg.
9:03 of 2nd period - Stopped by Jonathan Quick without a rebound.
9:04 of 2nd period - Marc Savard wins face-off versus Robert Nilsson in Nordiques zone.
9:25 of 2nd period - Slapshot by Vladimir Tarasenko.
9:25 of 2nd period - Stopped by Jaroslav Halak with a rebound.
9:27 of 2nd period - Slapshot by Ryan Ellis.
9:27 of 2nd period - Deflect By Vladimir Tarasenko.
9:27 of 2nd period - Stopped by Jaroslav Halak with a rebound.
10:07 of 2nd period - Kris Versteeg is hit by Fedor Tyutin and loses puck.
10:40 of 2nd period - Slapshot by Justin Schultz.
10:40 of 2nd period - Shot Blocked by Fedor Tyutin.
10:43 of 2nd period - Penalty to Paul Gaustad is over, Paul Gaustad is back on ice.
11:00 of 2nd period - David Legwand is hit by Mikael Backlund and loses puck.
11:11 of 2nd period - Slapshot by Kyle Calder.
11:11 of 2nd period - Goal by Kyle Calder - Nordiques : 3 - Lightning : 1.
11:12 of 2nd period - Marc Savard wins face-off versus Daniel Carcillo in neutral zone.
11:16 of 2nd period - Mark Eaton is hit by Daniel Carcillo and loses puck.
11:39 of 2nd period - R.J. Umberger is hit by Pierre-Luc Létourneau and loses puck.
12:41 of 2nd period - Slapshot by Vladimir Tarasenko.
12:41 of 2nd period - Stopped by Jaroslav Halak without a rebound.
12:42 of 2nd period - Reilly Smith wins face-off versus Simon Gagné in Lightning zone.
12:44 of 2nd period - Minor Penalty to Reilly Smith for Cross-checking.
12:45 of 2nd period - Marc Savard wins face-off versus Robert Nilsson in Lightning zone.
12:51 of 2nd period - Slapshot by Vladimir Tarasenko.
12:51 of 2nd period - Stopped by Jaroslav Halak with a rebound.
13:16 of 2nd period - Robert Nilsson is hit by R.J. Umberger and loses puck.
13:21 of 2nd period - Slapshot by Ryan Ellis.
13:21 of 2nd period - Shot Blocked by Robert Nilsson.
13:23 of 2nd period - Snap shot by Fedor Tyutin.
13:23 of 2nd period - Deflect By David Legwand.
13:23 of 2nd period - Goal by David Legwand - Nordiques : 4 - Lightning : 1.
13:24 of 2nd period - Marc Savard wins face-off versus Jordan Nolan in neutral zone.
13:24 of 2nd period - Fedor Tyutin is hit by Jordan Nolan and loses puck.
13:45 of 2nd period - Minor Penalty to Henrik Zetterberg for Interference.
13:46 of 2nd period - Marc Savard wins face-off versus Robert Nilsson in Lightning zone.
15:03 of 2nd period - Mark Eaton is hit by Sheldon Keefe and loses puck.
15:11 of 2nd period - Minor Penalty to Andy Rogers for Hooking.
15:12 of 2nd period - R.J. Umberger wins face-off versus Gabriel Landeskog in Lightning zone.
15:45 of 2nd period - Penalty to Henrik Zetterberg is over, Henrik Zetterberg is back on ice.
16:57 of 2nd period - Robert Nilsson is hit by Ryan Ellis and loses puck.
17:11 of 2nd period - Penalty to Andy Rogers is over, Andy Rogers is back on ice.
17:28 of 2nd period - Wrist shot by Jordan Nolan.
17:28 of 2nd period - Shot Blocked by Mark Eaton.
17:30 of 2nd period - Minor Penalty to Mark Eaton for Interference.
17:31 of 2nd period - Marc Savard wins face-off versus Robert Nilsson in Nordiques zone.
17:36 of 2nd period - John Carlson is hit by Marc Savard.
17:40 of 2nd period - Slapshot by Justin Schultz.
17:40 of 2nd period - Stopped by Jonathan Quick without a rebound.
17:41 of 2nd period - Robert Nilsson wins face-off versus Marc Savard in Nordiques zone.
17:50 of 2nd period - Slapshot by Kris Versteeg.
17:50 of 2nd period - Shot Blocked by T.J. Fast.
18:02 of 2nd period - Snap shot by Robert Nilsson.
18:02 of 2nd period - Goal by Robert Nilsson - Nordiques : 4 - Lightning : 2.
18:03 of 2nd period - Robert Nilsson wins face-off versus Marc Savard in neutral zone.
18:24 of 2nd period - Minor Penalty to Kris Versteeg for Hooking.
18:25 of 2nd period - Robert Nilsson wins face-off versus Marc Savard in Lightning zone.
Goals for this period are 3 for Nordiques vs 2 for Lightning .
Shots for this period are 8 for Nordiques vs 14 for Lightning .
3rd period
0:01 of 3rd period - Marc Savard wins face-off versus Robert Nilsson in neutral zone.
0:24 of 3rd period - Penalty to Kris Versteeg is over, Kris Versteeg is back on ice.
0:33 of 3rd period - Off-side.
0:34 of 3rd period - Marc Savard wins face-off versus Jordan Nolan in neutral zone.
1:12 of 3rd period - Snap shot by Henrik Zetterberg.
1:12 of 3rd period - Shot Blocked by David Legwand.
1:20 of 3rd period - Wrist shot by Jean-Pierre Dumont.
1:20 of 3rd period - Deflect By R.J. Umberger.
1:20 of 3rd period - Shot Blocked by Reilly Smith.
1:20 of 3rd period - Puck is out of play.
1:21 of 3rd period - Marc Savard wins face-off versus Robert Nilsson in Lightning zone.
1:48 of 3rd period - Daniel Carcillo is hit by Matt Moulson and loses puck.
2:20 of 3rd period - Dustin Byfuglien is hit by Pierre-Luc Létourneau and loses puck.
2:32 of 3rd period - Off-side.
2:33 of 3rd period - Robert Nilsson wins face-off versus Paul Gaustad in neutral zone.
2:38 of 3rd period - Snap shot by Kris Versteeg.
2:38 of 3rd period - Shot Misses the Net.
3:36 of 3rd period - Icing by Steve Bernier.
3:37 of 3rd period - Jan Bulis wins face-off versus Chris Drury in Lightning zone.
4:02 of 3rd period - Justin Schultz is hit by Vladimir Tarasenko and loses puck.
4:27 of 3rd period - Snap shot by Justin Schultz.
4:27 of 3rd period - Stopped by Jonathan Quick without a rebound.
4:28 of 3rd period - David Legwand wins face-off versus Jordan Nolan in Nordiques zone.
4:58 of 3rd period - Wrist shot by Jordan Nolan.
4:58 of 3rd period - Shot Misses the Net.
5:00 of 3rd period - Snap shot by Henrik Zetterberg.
5:00 of 3rd period - Stopped by Jonathan Quick without a rebound.
5:01 of 3rd period - Robert Nilsson wins face-off versus Simon Gagné in Nordiques zone.
6:58 of 3rd period - Slapshot by Martin St. Louis.
6:58 of 3rd period - Deflect By Henrik Zetterberg.
6:58 of 3rd period - Goal by Martin St. Louis - Nordiques : 5 - Lightning : 2.
6:58 of 3rd period - Adam Munro enters game.
6:59 of 3rd period - Marc Savard wins face-off versus Robert Nilsson in neutral zone.
7:45 of 3rd period - John Carlson is hit by Matt Irwin and loses puck.
7:52 of 3rd period - Wrist shot by Mikael Backlund.
7:52 of 3rd period - Stopped by Jonathan Quick with a rebound.
7:54 of 3rd period - Snap shot by Mikael Backlund.
7:54 of 3rd period - Shot Blocked by Dustin Byfuglien.
8:49 of 3rd period - Reilly Smith is hit by R.J. Umberger and loses puck.
8:54 of 3rd period - Slapshot by David Legwand.
8:54 of 3rd period - Stopped by Adam Munro with a rebound.
9:18 of 3rd period - Minor Penalty to Kurt Sauer for High sticking.
9:19 of 3rd period - Robert Nilsson wins face-off versus Marc Savard in Lightning zone.
9:46 of 3rd period - Minor Penalty to R.J. Umberger for Hooking.
9:47 of 3rd period - Marc Savard wins face-off versus Robert Nilsson in Nordiques zone.
10:02 of 3rd period - Snap shot by Vladimir Tarasenko.
10:02 of 3rd period - Goal by Vladimir Tarasenko - Nordiques : 6 - Lightning : 2.
10:03 of 3rd period - Robert Nilsson wins face-off versus Marc Savard in neutral zone.
10:06 of 3rd period - Wrist shot by Kris Versteeg.
10:06 of 3rd period - Shot Misses the Net.
10:08 of 3rd period - Slapshot by Kris Versteeg.
10:08 of 3rd period - Shot Blocked by Fedor Tyutin.
10:10 of 3rd period - Slapshot by Jeff Schultz.
10:10 of 3rd period - Deflect By Kris Versteeg.
10:10 of 3rd period - Goal by Kris Versteeg - Nordiques : 6 - Lightning : 3.
10:11 of 3rd period - Marc Savard wins face-off versus Robert Nilsson in neutral zone.
11:18 of 3rd period - Penalty to Kurt Sauer is over, Kurt Sauer is back on ice.
11:25 of 3rd period - Wrist shot by Kurt Sauer.
11:25 of 3rd period - Shot Blocked by T.J. Fast.
11:27 of 3rd period - Slapshot by Andy Rogers.
11:27 of 3rd period - Deflect By Pierre-Luc Létourneau.
11:27 of 3rd period - Shot Blocked by Kyle Calder.
11:27 of 3rd period - Puck is out of play.
11:28 of 3rd period - Paul Gaustad wins face-off versus Gabriel Landeskog in Nordiques zone.
11:46 of 3rd period - Penalty to R.J. Umberger is over, R.J. Umberger is back on ice.
12:25 of 3rd period - Snap shot by David Legwand.
12:25 of 3rd period - Stopped by Adam Munro without a rebound.
12:26 of 3rd period - David Legwand wins face-off versus Robert Nilsson in Lightning zone.
12:51 of 3rd period - Matt Moulson is hit by Jordan Nolan and loses puck.
13:54 of 3rd period - Snap shot by Kris Versteeg.
13:54 of 3rd period - Stopped by Jonathan Quick without a rebound.
13:55 of 3rd period - Robert Nilsson wins face-off versus Paul Gaustad in Nordiques zone.
14:22 of 3rd period - Matt Irwin is hit by Jeff Schultz and loses puck.
15:09 of 3rd period - Gabriel Landeskog is hit by Mark Eaton and loses puck.
15:55 of 3rd period - Off-side.
15:56 of 3rd period - Robert Nilsson wins face-off versus David Legwand in neutral zone.
15:59 of 3rd period - Ryan Ellis is hit by Robert Nilsson.
16:21 of 3rd period - Vladimir Tarasenko is hit by Reilly Smith and loses puck.
16:42 of 3rd period - Snap shot by Matt Moulson.
16:42 of 3rd period - Shot Misses the Net.
16:44 of 3rd period - Wrist shot by Chris Drury.
16:44 of 3rd period - Shot Blocked by Steve Bernier.
16:46 of 3rd period - Wrist shot by Chris Drury.
16:46 of 3rd period - Stopped by Adam Munro without a rebound.
16:47 of 3rd period - Robert Nilsson wins face-off versus Marc Savard in Lightning zone.
17:11 of 3rd period - Icing by Matt Irwin.
17:12 of 3rd period - Chris Drury wins face-off versus Jordan Nolan in Nordiques zone.
17:12 of 3rd period - Chris Drury is hit by Reilly Smith.
18:26 of 3rd period - Wrist shot by Matt Moulson.
18:26 of 3rd period - Stopped by Adam Munro without a rebound.
18:27 of 3rd period - Jan Bulis wins face-off versus Matt Moulson in Lightning zone.
18:29 of 3rd period - Icing by Andy Rogers.
18:30 of 3rd period - Marc Savard wins face-off versus Jan Bulis in Lightning zone.
18:37 of 3rd period - Snap shot by Vladimir Tarasenko.
18:37 of 3rd period - Shot Misses the Net.
18:39 of 3rd period - Wrist shot by T.J. Fast.
18:39 of 3rd period - Deflect By Vladimir Tarasenko.
18:39 of 3rd period - Stopped by Adam Munro without a rebound.
18:40 of 3rd period - Kris Versteeg wins face-off versus Marc Savard in Lightning zone.
18:57 of 3rd period - Wrist shot by Kris Versteeg.
18:57 of 3rd period - Shot Blocked by Fedor Tyutin.
19:14 of 3rd period - Slapshot by Ryan Ellis.
19:14 of 3rd period - Shot Misses the Net.
19:16 of 3rd period - Slapshot by Fedor Tyutin.
19:16 of 3rd period - Shot Misses the Net.
19:18 of 3rd period - Snap shot by Jean-Pierre Dumont.
19:18 of 3rd period - Stopped by Adam Munro without a rebound.
19:19 of 3rd period - Gabriel Landeskog wins face-off versus Marc Savard in Lightning zone.
19:28 of 3rd period - Snap shot by Justin Schultz.
19:28 of 3rd period - Stopped by Jonathan Quick without a rebound.
19:29 of 3rd period - Marc Savard wins face-off versus Robert Nilsson in Nordiques zone.
19:29 of 3rd period - Marc Savard is hit by Danny Richmond.
19:43 of 3rd period - Snap shot by Simon Gagné.
19:43 of 3rd period - Stopped by Adam Munro with a rebound.
19:45 of 3rd period - Slapshot by T.J. Fast.
19:45 of 3rd period - Deflect By Marc Savard.
19:45 of 3rd period - Stopped by Adam Munro with a rebound.
19:47 of 3rd period - Slapshot by Simon Gagné.
19:47 of 3rd period - Shot Misses the Net.
19:49 of 3rd period - Snap shot by Mark Eaton.
19:49 of 3rd period - Stopped by Adam Munro with a rebound.
19:51 of 3rd period - Slapshot by T.J. Fast.
19:51 of 3rd period - Stopped by Adam Munro without a rebound.
19:52 of 3rd period - Jordan Nolan wins face-off versus David Legwand in Lightning zone.
Goals for this period are 2 for Nordiques vs 1 for Lightning .
Shots for this period are 12 for Nordiques vs 6 for Lightning .
Back to the Top